| TOP OF THE 1ST |
|
Detroit (APP) Tigers batting - Pitching for Orem Owlz : RHP Eddie Garabito
|
|
Pitching: RHP Eddie Garabito
|
|
|
Batting: RHB Jon Goldstein
|
0-0: Called Strike 0-1: Ball 1-1: Ground out 5-3 (Groundball, 56S, EV 66.9 MPH)
|
|
Batting: RHB Mike Sebastian
|
0-0: Foul Ball, location: 2F 0-1: Foul Ball, location: 2F 0-2: Strikes out swinging
|
|
Batting: LHB Bill Ford
|
0-0: Called Strike 0-1: Called Strike 0-2: Ball 1-2: Strikes out looking
|
| Top of the 1st over - 0 runs, 0 hits, 0 errors, 0 left on base; Detroit (APP) 0 - Orem 0 |
| BOTTOM OF THE 1ST |
|
Orem Owlz batting - Pitching for Detroit (APP) Tigers : RHP John Evancho
|
|
Pitching: RHP John Evancho
|
|
|
Batting: LHB Justin Alexander
|
0-0: Ball 1-0: Ball 2-0: Foul Ball, location: 2F 2-1: Foul Ball, location: 2F 2-2: Foul Ball, location: 2F 2-2: Fly out, F7 (Flyball, 7LM, EV 83.8 MPH)
|
|
Batting: RHB Jose Ramirez
|
0-0: Ball 1-0: Ball 2-0: Ball 3-0: Called Strike 3-1: Foul Ball, location: 2F 3-2: Base on Balls
|
|
Batting: LHB Brett Bugge
|
0-0: Ball 1-0: Called Strike Jose Ramirez is caught stealing 2nd base 2-6 1-1: Ground out 5-3 (Groundball, 56, EV 95.0 MPH)
|
| Bottom of the 1st over - 0 runs, 0 hits, 0 errors, 0 left on base; Detroit (APP) 0 - Orem 0 |
| TOP OF THE 2ND |
|
Detroit (APP) Tigers batting - Pitching for Orem Owlz : RHP Eddie Garabito
|
|
Batting: RHB Adam MacConnell
|
0-0: Ball 1-0: Ball 2-0: Swinging Strike 2-1: Ball 3-1: Base on Balls
|
|
Batting: SHB Sean Foley
|
0-0: Ball 1-0: Ball 2-0: Foul Ball, location: 2F 2-1: Foul Ball, location: 2F 2-2: Ball 3-2: Strikes out looking
|
|
Batting: RHB Jose Evangelista
|
0-0: Ball 1-0: Ball 2-0: Ball 3-0: Foul Ball, location: 2F 3-1: Base on Balls Adam MacConnell to second
|
|
Batting: RHB Willie Ochoa
|
0-0: Foul Ball, location: 2F 0-1: Foul Ball, location: 2F 0-2: Foul Ball, location: 2F 0-2: Ball 1-2: Fly out, F8 (Flyball, 8LD, EV 76.9 MPH)
|
|
Batting: RHB Jamie Villagrana
|
0-0: Ball 1-0: Ball 2-0: Called Strike 2-1: SINGLE (Groundball, 56S, EV 68.1 MPH) (infield hit) Adam MacConnell to third Jose Evangelista to second
|
|
Batting: LHB Steve Herrera
|
0-0: Ball 1-0: Ball 2-0: Swinging Strike 2-1: Swinging Strike 2-2: Ball 3-2: Strikes out swinging
|
| Top of the 2nd over - 0 runs, 1 hit, 0 errors, 3 left on base; Detroit (APP) 0 - Orem 0 |
| BOTTOM OF THE 2ND |
|
Orem Owlz batting - Pitching for Detroit (APP) Tigers : RHP John Evancho
|
|
Batting: RHB Mike Alm
|
0-0: Ball 1-0: Ball 2-0: Called Strike 2-1: Swinging Strike 2-2: Foul Ball, location: 2F 2-2: SINGLE (Line Drive, 6M, EV 101.9 MPH)
|
|
Batting: RHB Ryan Pelletier
|
0-0: Called Strike 0-1: Fielders Choice at 2nd, 6-4 (Groundball, 6M, EV 97.5 MPH)
|
|
Batting: RHB Danny Bjarnson
|
0-0: Ball 1-0: Ball 2-0: Ball 3-0: Called Strike 3-1: Base on Balls Ryan Pelletier to second
|
|
Batting: RHB J.R. Roberts
|
0-0: Ball 1-0: Fly out, F8 (Flyball, 8LS, EV 89.4 MPH)
|
|
Batting: RHB Kinya Nishimura
|
0-0: Ball 1-0: Called Strike 1-1: Ball 2-1: Foul Ball, location: 2LF, Error on foul ball, E2 2-2: Ball 3-2: Base on Balls Ryan Pelletier to third Danny Bjarnson to second
|
|
Batting: RHB Malachi Ephron
|
0-0: Foul Ball, location: 2F 0-1: Fly out, F9 (Line Drive, 9, EV 83.1 MPH)
|
| Bottom of the 2nd over - 0 runs, 1 hit, 1 error, 3 left on base; Detroit (APP) 0 - Orem 0 |
| TOP OF THE 3RD |
|
Detroit (APP) Tigers batting - Pitching for Orem Owlz : RHP Eddie Garabito
|
|
Batting: RHB Jon Goldstein
|
0-0: DOUBLE (Groundball, 5L, EV 103.8 MPH)
|
|
Batting: RHB Mike Sebastian
|
0-0: Foul Ball, location: 2F 0-1: Ball 1-1: Ball 2-1: Ball 3-1: Foul Ball, location: 2F 3-2: Base on Balls
|
|
Batting: LHB Bill Ford
|
0-0: Ball 1-0: Ball 2-0: Ball 3-0: Foul Ball, location: 2F 3-1: Base on Balls Jon Goldstein to third Mike Sebastian to second
|
|
Batting: RHB Adam MacConnell
|
0-0: DOUBLE (Flyball, 89XD, EV 104.4 MPH) Jon Goldstein scores Mike Sebastian scores Bill Ford to third
|
|
Batting: SHB Sean Foley
|
0-0: Foul Ball, location: 2F 0-1: Ball 1-1: Ball 2-1: Foul Ball, location: 2F 2-2: Foul Ball, location: 2F 2-2: Ball 3-2: Strikes out swinging
|
|
Batting: RHB Jose Evangelista
|
0-0: Ground out 6-3 (Groundball, 6, EV 95.0 MPH) Bill Ford scores
|
|
Batting: RHB Willie Ochoa
|
0-0: Ball 1-0: Ball 2-0: Called Strike 2-1: Swinging Strike 2-2: Strikes out swinging
|
| Top of the 3rd over - 3 runs, 2 hits, 0 errors, 1 left on base; Detroit (APP) 3 - Orem 0 |
| BOTTOM OF THE 3RD |
|
Orem Owlz batting - Pitching for Detroit (APP) Tigers : RHP John Evancho
|
|
Batting: LHB Justin Alexander
|
0-0: Called Strike 0-1: Ball 1-1: Foul Ball, location: 2F 1-2: Ball 2-2: Strikes out looking
|
|
Batting: RHB Jose Ramirez
|
0-0: Ball 1-0: Ground out 5-3 (Groundball, 56, EV 93.1 MPH)
|
|
Batting: LHB Brett Bugge
|
0-0: Ball 1-0: Called Strike 1-1: Foul Ball, location: 2F 1-2: Ball 2-2: Ball 3-2: Strikes out swinging
|
| Bottom of the 3rd over - 0 runs, 0 hits, 0 errors, 0 left on base; Detroit (APP) 3 - Orem 0 |
| TOP OF THE 4TH |
|
Detroit (APP) Tigers batting - Pitching for Orem Owlz : RHP Eddie Garabito
|
|
Batting: RHB Jamie Villagrana
|
0-0: Swinging Strike 0-1: Called Strike 0-2: Strikes out looking
|
|
Batting: LHB Steve Herrera
|
0-0: SINGLE (Groundball, 4MD, EV 103.8 MPH)
|
|
Batting: RHB Jon Goldstein
|
0-0: Foul Ball, location: 2F 0-1: Ball 1-1: Called Strike 1-2: Foul Ball, location: 2F 1-2: Ball Passed Ball! Steve Herrera to second 2-2: Strikes out swinging
|
|
Batting: RHB Mike Sebastian
|
0-0: Fly out, F8 (Flyball, 8LS, EV 87.5 MPH)
|
| Top of the 4th over - 0 runs, 1 hit, 0 errors, 1 left on base; Detroit (APP) 3 - Orem 0 |
| BOTTOM OF THE 4TH |
|
Orem Owlz batting - Pitching for Detroit (APP) Tigers : RHP John Evancho
|
|
Batting: RHB Mike Alm
|
0-0: Foul Ball, location: 2F 0-1: Ball 1-1: Called Strike 1-2: Foul Ball, location: 2F 1-2: Foul Ball, location: 2F 1-2: Strikes out looking
|
|
Batting: RHB Ryan Pelletier
|
0-0: Ball 1-0: Ball 2-0: Called Strike 2-1: Ball 3-1: Foul Ball, location: 2F 3-2: Base on Balls
|
|
Batting: RHB Danny Bjarnson
|
0-0: Ball 1-0: DOUBLE (Groundball, 5L, EV 110.6 MPH) Ryan Pelletier to third Ryan Pelletier scores
|
|
Batting: RHB J.R. Roberts
|
0-0: Ball 1-0: Ball 2-0: Foul Ball, location: 2F 2-1: Foul Ball, location: 2F 2-2: Ball 3-2: Foul Ball, location: 2F 3-2: Base on Balls
|
|
Batting: RHB Kinya Nishimura
|
0-0: Called Strike 0-1: Foul Ball, location: 2F 0-2: SINGLE (Flyball, 8LM, EV 95.0 MPH) Danny Bjarnson to third J.R. Roberts to second
|
|
Batting: RHB Malachi Ephron
|
0-0: Ball 1-0: Grounds into double play, 6-4-3 (Groundball, 6, EV 83.1 MPH)
|
| Bottom of the 4th over - 1 run, 2 hits, 0 errors, 2 left on base; Detroit (APP) 3 - Orem 1 |
| TOP OF THE 5TH |
|
Detroit (APP) Tigers batting - Pitching for Orem Owlz : RHP Eddie Garabito
|
|
Batting: LHB Bill Ford
|
0-0: Ball 1-0: Called Strike 1-1: Foul Ball, location: 2F 1-2: Ball 2-2: Fly out, F9 (Flyball, 9S, EV 86.2 MPH)
|
|
Batting: RHB Adam MacConnell
|
0-0: Ball 1-0: Ball 2-0: Swinging Strike 2-1: Foul Ball, location: 2F 2-2: Foul Ball, location: 2F 2-2: Strikes out swinging
|
|
Batting: SHB Sean Foley
|
0-0: Ball 1-0: Swinging Strike 1-1: Swinging Strike 1-2: Foul Ball, location: 2F 1-2: SINGLE (Flyball, 34D, EV 89.4 MPH)
|
|
Batting: RHB Jose Evangelista
|
0-0: Ball Sean Foley is caught stealing 2nd base 2-4
|
| Top of the 5th over - 0 runs, 1 hit, 0 errors, 0 left on base; Detroit (APP) 3 - Orem 1 |
| BOTTOM OF THE 5TH |
|
Orem Owlz batting - Pitching for Detroit (APP) Tigers : RHP John Evancho
|
|
Batting: LHB Justin Alexander
|
0-0: Called Strike 0-1: Ball 1-1: Ball 2-1: Ground out 6-3 (Groundball, 6, EV 86.9 MPH)
|
|
Batting: RHB Jose Ramirez
|
0-0: Ball 1-0: Ball 2-0: Called Strike 2-1: Foul Ball, location: 2F 2-2: Ball 3-2: Base on Balls
|
|
Batting: LHB Brett Bugge
|
0-0: Ball 1-0: Foul Ball, location: 2F 1-1: Ball 2-1: SINGLE (Flyball, 6MD, EV 90.6 MPH) Jose Ramirez to second
|
|
Batting: RHB Mike Alm
|
0-0: Ball 1-0: Called Strike 1-1: Fly out, F7 (Flyball, 78D, EV 104.4 MPH)
|
|
Pitching: RHP Bert Hernandez
|
|
|
Batting: RHB Ryan Pelletier
|
0-0: Ball 1-0: Called Strike 1-1: Ball 2-1: Ground out 6-3 (Groundball, 6S, EV 80.6 MPH)
|
| Bottom of the 5th over - 0 runs, 1 hit, 0 errors, 2 left on base; Detroit (APP) 3 - Orem 1 |
| TOP OF THE 6TH |
|
Detroit (APP) Tigers batting - Pitching for Orem Owlz : RHP Eddie Garabito
|
|
Pitching: RHP Ed Raleigh
|
|
|
Batting: RHB Jose Evangelista
|
0-0: SINGLE (Groundball, 5D, EV 105.0 MPH)
|
|
Batting: RHB Willie Ochoa
|
0-0: Called Strike 0-1: Ball 1-1: Ball 2-1: Foul Ball, location: 2F 2-2: Fly out, F7 (Flyball, 7, EV 99.4 MPH)
|
|
Batting: RHB Jamie Villagrana
|
0-0: Ball 1-0: Ball 2-0: Foul Ball, location: 2F 2-1: Ball 3-1: Foul Ball, location: 2F 3-2: Strikes out looking
|
|
Batting: LHB Steve Herrera
|
0-0: Ball 1-0: Called Strike 1-1: DOUBLE (Line Drive, 8RXD, EV 107.5 MPH) Jose Evangelista to third Runner from 3rd tries for Home, SAFE, no throw by CF
|
|
Batting: RHB Jon Goldstein
|
0-0: Foul Ball, location: 2F 0-1: Called Strike 0-2: Foul Ball, location: 2F 0-2: Ball 1-2: Ball 2-2: Foul Ball, location: 2F 2-2: Strikes out swinging
|
| Top of the 6th over - 1 run, 2 hits, 0 errors, 1 left on base; Detroit (APP) 4 - Orem 1 |
| BOTTOM OF THE 6TH |
|
Orem Owlz batting - Pitching for Detroit (APP) Tigers : RHP Bert Hernandez
|
|
Batting: RHB Danny Bjarnson
|
0-0: Foul Ball, location: 2F 0-1: Called Strike 0-2: Ball 1-2: Ball 2-2: Ball 3-2: Strikes out swinging
|
|
Pinch Hitting: SHB Butch Brown
|
0-0: Foul Ball, location: 2F 0-1: Ball 1-1: Ground out 6-3 (Groundball, 6M, EV 100.0 MPH)
|
|
Batting: RHB Kinya Nishimura
|
0-0: Foul Ball, location: 2F 0-1: Ground out 5-3 (Groundball, 56, EV 99.4 MPH)
|
| Bottom of the 6th over - 0 runs, 0 hits, 0 errors, 0 left on base; Detroit (APP) 4 - Orem 1 |
| TOP OF THE 7TH |
|
Detroit (APP) Tigers batting - Pitching for Orem Owlz : RHP Ed Raleigh
|
|
Pitching: RHP Owen Prouty
|
|
|
Now at 1B: Nick Isaac
|
|
|
Batting: RHB Mike Sebastian
|
0-0: Ball 1-0: Ball 2-0: Ball 3-0: Called Strike 3-1: Called Strike 3-2: Strikes out looking
|
|
Batting: LHB Bill Ford
|
0-0: Ball 1-0: Called Strike 1-1: Swinging Strike 1-2: Ball 2-2: DOUBLE (Flyball, 89D, EV 97.5 MPH)
|
|
Batting: RHB Adam MacConnell
|
0-0: Swinging Strike 0-1: Ball 1-1: Called Strike 1-2: Strikes out swinging
|
|
Batting: SHB Sean Foley
|
0-0: Fly out, F7 (Flyball, 7LS, EV 80.0 MPH)
|
| Top of the 7th over - 0 runs, 1 hit, 0 errors, 1 left on base; Detroit (APP) 4 - Orem 1 |
| BOTTOM OF THE 7TH |
|
Orem Owlz batting - Pitching for Detroit (APP) Tigers : RHP Bert Hernandez
|
|
Pitching: RHP Tony Kepp
|
|
|
Batting: RHB Malachi Ephron
|
0-0: Foul Ball, location: 2F 0-1: Called Strike 0-2: Ball 1-2: Ball 2-2: Ball 3-2: Strikes out looking
|
|
Batting: LHB Justin Alexander
|
0-0: Ball 1-0: SINGLE (Groundball, 34D, EV 104.4 MPH)
|
|
Batting: RHB Jose Ramirez
|
0-0: Ball Justin Alexander steals 2nd base 1-0: Ball 2-0: Called Strike 2-1: Ball 3-1: Called Strike 3-2: Base on Balls
|
|
Batting: LHB Brett Bugge
|
0-0: Foul Ball, location: 2F 0-1: Foul Ball, location: 2F 0-2: Foul Ball, location: 2F 0-2: Fielders Choice at 2nd, 5-4 (Groundball, 5, EV 81.2 MPH) Justin Alexander to third
|
|
Batting: RHB Mike Alm
|
0-0: Called Strike 0-1: Ball 1-1: Called Strike 1-2: Strikes out swinging
|
| Bottom of the 7th over - 0 runs, 1 hit, 0 errors, 2 left on base; Detroit (APP) 4 - Orem 1 |
| TOP OF THE 8TH |
|
Detroit (APP) Tigers batting - Pitching for Orem Owlz : RHP Owen Prouty
|
|
Batting: RHB Jose Evangelista
|
0-0: Ball 1-0: DOUBLE (Flyball, 8RD, EV 85.0 MPH)
|
|
Batting: RHB Willie Ochoa
|
0-0: Called Strike 0-1: Ball 1-1: Ball 2-1: Called Strike 2-2: Hit by Pitch
|
|
Batting: RHB Jamie Villagrana
|
0-0: Ball 1-0: Swinging Strike 1-1: Swinging Strike 1-2: Fly out, F4 (Popup, 4, EV 51.9 MPH)
|
|
Batting: LHB Steve Herrera
|
0-0: Called Strike 0-1: Ball 1-1: Ball 2-1: Ball 3-1: Base on Balls Jose Evangelista to third Willie Ochoa to second
|
|
Batting: RHB Jon Goldstein
|
0-0: Ball 1-0: Ball 2-0: Ball 3-0: Base on Balls Jose Evangelista scores Willie Ochoa to third Steve Herrera to second
|
|
Batting: RHB Mike Sebastian
|
0-0: Ball 1-0: Foul Ball, location: 2F 1-1: Ball 2-1: Foul Ball, location: 2F 2-2: SINGLE (Line Drive, 3D, EV 94.4 MPH) Willie Ochoa scores Steve Herrera to third Jon Goldstein to second
|
|
Batting: LHB Bill Ford
|
0-0: Fly out, F9 (Flyball, 9, EV 82.5 MPH) Runner from 3rd tags up, SCORES, throw by RF Jon Goldstein to third
|
|
Batting: RHB Adam MacConnell
|
0-0: Ball 1-0: Ball 2-0: Foul Ball, location: 2F 2-1: SINGLE (Line Drive, 8RS, EV 106.9 MPH) Jon Goldstein scores Mike Sebastian to second
|
|
Batting: SHB Sean Foley
|
0-0: Called Strike 0-1: Ball 1-1: Foul Ball, location: 2F 1-2: Ball 2-2: Foul Ball, location: 2F 2-2: Ball 3-2: Ground out U3 (Groundball, 3, EV 102.5 MPH)
|
| Top of the 8th over - 4 runs, 3 hits, 0 errors, 2 left on base; Detroit (APP) 8 - Orem 1 |
| BOTTOM OF THE 8TH |
|
Orem Owlz batting - Pitching for Detroit (APP) Tigers : RHP Tony Kepp
|
|
Batting: RHB Ryan Pelletier
|
0-0: Ball 1-0: Ball 2-0: Called Strike 2-1: SOLO HOME RUN (Flyball, 7D, EV 96.2 MPH), Distance : 381 ft
|
|
Batting: RHB Danny Bjarnson
|
0-0: Called Strike 0-1: Ball 1-1: Swinging Strike 1-2: Strikes out swinging
|
|
Batting: LHB Nick Isaac
|
0-0: Called Strike 0-1: Ball 1-1: SINGLE (Flyball, 6D, EV 89.4 MPH)
|
|
Pitching: RHP Cameron Maxwell
|
|
|
Batting: RHB Kinya Nishimura
|
0-0: Swinging Strike 0-1: Swinging Strike 0-2: Ball 1-2: Strikes out swinging
|
|
Batting: RHB Malachi Ephron
|
0-0: Called Strike 0-1: Foul Ball, location: 2F 0-2: Ball 1-2: Ball 2-2: Ball 3-2: Fly out, F8 (Line Drive, 8RM, EV 90.0 MPH)
|
| Bottom of the 8th over - 1 run, 2 hits, 0 errors, 1 left on base; Detroit (APP) 8 - Orem 2 |
| TOP OF THE 9TH |
|
Detroit (APP) Tigers batting - Pitching for Orem Owlz : RHP Owen Prouty
|
|
Pitching: RHP Danny Nava
|
|
|
Batting: RHB Jose Evangelista
|
0-0: Called Strike 0-1: Ball 1-1: Foul Ball, location: 2F 1-2: Ground out 3-1 (Groundball, 34S, EV 68.1 MPH)
|
|
Batting: RHB Willie Ochoa
|
0-0: Called Strike 0-1: Ball 1-1: Fly out, F8 (Flyball, 78D, EV 88.1 MPH)
|
|
Batting: RHB Jamie Villagrana
|
0-0: Called Strike 0-1: Ball 1-1: Called Strike 1-2: Strikes out swinging
|
| Top of the 9th over - 0 runs, 0 hits, 0 errors, 0 left on base; Detroit (APP) 8 - Orem 2 |
| BOTTOM OF THE 9TH |
|
Orem Owlz batting - Pitching for Detroit (APP) Tigers : RHP Cameron Maxwell
|
|
Batting: LHB Justin Alexander
|
0-0: Called Strike 0-1: Ball 1-1: Foul Ball, location: 2F 1-2: Foul Ball, location: 2F 1-2: Ball 2-2: Strikes out swinging
|
|
Batting: RHB Jose Ramirez
|
0-0: Ground out U3 (Groundball, 34S, EV 81.9 MPH)
|
|
Batting: LHB Brett Bugge
|
0-0: Called Strike 0-1: Foul Ball, location: 2F 0-2: Ground out 6-3 (Groundball, 6, EV 93.1 MPH)
|
| Bottom of the 9th over - 0 runs, 0 hits, 0 errors, 0 left on base; Detroit (APP) 8 - Orem 2 |
|